[Event "Polish Youth G18 Championship 2023"]
[Site "Jastrzebia Gora"]
[Date "2023.03.12"]
[Round "1.1"]
[White "Trybus, Dominika"]
[Black "Starosta, Martyna"]
[Result "0-1"]
[ECO "B13"]
[WhiteElo "1543"]
[BlackElo "2138"]
[Annotator "TA"]
[PlyCount "104"]
[EventDate "2023.03.11"]
[EventType "swiss"]
[EventCountry "POL"]
[SourceTitle "playchess.com"]
[Source "ChessBase"]
[SourceQuality "1"]
[TimeControl "40/5400+30:1800+30"]

1. e4 c6 2. d4 d5 3. exd5 cxd5 4. Bd3 Nc6 5. c3 Nf6 6. h3 g6 $1 {The main line 6...g6 scores better than 6...e5.} 7. Qc2 {[%emt 0:02:27] B13: Caro-Kann: Exchange Variation and Panov-Botvinnik Attack.} e5 8. dxe5 $1 Nxe5 9. Bb5+ {[%emt 0:01:19] The position is equal.} Bd7 10. Bxd7+ Qxd7 11. Bf4 Bd6 12. Ne2 O-O 13. O-O Rfe8 {[%emt 0:03:49][%cal Oe5f3] Black wants to play ...Nf3+!} 14. Nd2 {[%emt 0:06:57] [#] Against Nf3+} Rad8 $146 (14... Nc4 {simplifies} 15. Nxc4 Bxf4 16. Nxf4 dxc4 17. Rad1 Qc7) ({Predecessor:} 14... Bc5 15. Rad1 Qb5 16. Nc1 Bb6 17. Ndb3 Nc4 18. Nd3 Rac8 19. Qb1 Re4 20. Bg5 Nh5 {0-1 Nurgaliyev,S (2059)-Simantsev,M (2374) Cheliabinsk Panchenko Memorial op-A 2021 (3)}) 15. Bg5 Kg7 16. f4 (16. Rfd1 $11) 16... Nc6 17. Nb3 h6 18. Bh4 (18. Bxf6+ {with more complications.} Kxf6 19. Rad1 Qe7 20. Ned4) 18... Re4 19. Bxf6+ Kxf6 20. Qd2 Rde8 (20... Bc7 $5) 21. Ned4 (21. Ng3 $11 Re3 22. Rae1 Rxe1 23. Rxe1) 21... Nxd4 $17 22. Nxd4 Bc5 $1 23. Rae1 {[%emt 0:01:53] Against Re2} Qe7 ({Black should play} 23... Qd6 $17 24. Rxe4 Rxe4) 24. Rxe4 $15 Qxe4 25. Rd1 Bxd4+ 26. cxd4 {[%emt 0:01:44][%mdl 4096] Endgame KQR-KQR} (26. Qxd4+ $15 Qxd4+ 27. Rxd4) 26... Rc8 $36 {[%emt 0:02:56][%mdl 2048] Hoping for ...Rc2. Black has strong initiative.} 27. Qf2 Rc2 28. Rd2 Rc1+ 29. Kh2 {[%emt 0:00:56] [#]} Re1 $1 {[%emt 0:00:16] Prevents Re2. Black has more active pieces.} 30. Rc2 Kg7 31. Rd2 Re3 32. a3 (32. Rc2 $17 {was necessary.}) 32... Kh7 33. Kg1 Kg7 34. Kh2 g5 35. fxg5 hxg5 36. g3 (36. a4 $142) 36... Re1 (36... f5 $19 {aiming for ...f4.} 37. Qg2 Kf6) 37. Qg2 $17 Qe3 {[%emt 0:00:57] Strongly threatening ...f5.} 38. h4 (38. Qf2 $17 {is a better defense.}) 38... Kg6 {[%emt 0:02:24] White must now prevent ...f5.} 39. Rf2 {[%emt 0:01:00] [#]} (39. Qf2 $142) 39... g4 $1 $19 {[%emt 0:02:00] ...f5 would be deadly.} ({Inferior is} 39... Qxd4 40. Qf3 Qg7 41. Qxd5 gxh4 42. gxh4 (42. Qxb7 $2 {too greedy.} hxg3+ 43. Kg2 gxf2 $19) (42. Qf3 Qe5 $11) 42... Qe5+ 43. Qxe5 Rxe5 44. Kg3 $11) 40. Rd2 $2 ({Not} 40. Rf4 $2 Re2 41. Rxg4+ Kf5 42. Rf4+ Ke6 $19) (40. Rc2) 40... f5 {[%emt 0:00:00] ( -> ...f4)} 41. Rf2 Kh6 42. b4 f4 {[%emt 0:02:14][%mdl 64] Deflection} 43. Rxf4 Re2 44. Qxe2 Qxe2+ {[%emt 0:00:06] KQ-KR} 45. Kh1 Qd3 (45... Qe3 $142 46. Kh2 Qxa3 47. Rxg4 Qxb4 48. Rg5 Qxd4 49. Kh3 Qe4 50. g4 d4 51. Ra5 d3 52. Rh5+ Kg7 53. Rg5+ Kf7 54. Rf5+ Qxf5 {[%mdl 64] Promotion} 55. gxf5 d2 56. h5 d1=Q 57. h6 a5 58. Kh4 Qh1+ 59. Kg5 a4 60. Kf4 a3 61. Ke3 a2 62. h7 Qxh7 63. Kf4 a1=Q 64. Kg3 Qxf5 65. Kg2 Qb2+ 66. Kh1 Qf1#) 46. Kg2 Qxa3 47. Rxg4 Qxb4 {[%emt 0:00:08] Black mates.} 48. Rf4 a5 49. g4 a4 50. Rf6+ Kg7 51. g5 Qxd4 52. Rf3 a3 {[%emt 0:00:05] Weighted Error Value: White=0.55/Black=0.25 (precise)} 0-1

[Event "Polish Youth G18 Championship 2023"]
[Site "Jastrzebia Gora"]
[Date "2023.03.12"]
[Round "1.2"]
[White "Goraj, Barbara"]
[Black "Krzyzosiak, Anna"]
[Result "1-0"]
[ECO "B07"]
[WhiteElo "2130"]
[BlackElo "1503"]
[Annotator "TA"]
[PlyCount "97"]
[EventDate "2023.03.11"]
[EventType "swiss"]
[EventCountry "POL"]
[SourceTitle "playchess.com"]
[Source "ChessBase"]
[SourceQuality "1"]
[TimeControl "40/5400+30:1800+30"]

1. e4 d6 2. d4 g6 3. Nc3 Nf6 4. f3 c6 5. Be3 Qb6 6. b3 {[%emt 0:14:43] B07: Pirc Defence: Miscellaneous Systems.} Bg7 7. Qd2 h5 {[%emt 0:03:09] [#]} 8. Na4 $146 {[%emt 0:10:27] White is slightly better.} ({Predecessor:} 8. Bc4 Qc7 9. a4 Nbd7 10. a5 e5 11. d5 O-O 12. dxc6 bxc6 13. Nge2 Rd8 14. O-O {1-0 Peczely,S (2182)-Peralta,F (2613) Skopje Karposh op 2014 (1)}) 8... Qc7 9. c4 Nbd7 10. Rc1 Rb8 11. Bd3 a6 12. Ne2 b5 13. cxb5 ({Better is} 13. Nac3 $16) 13... axb5 $14 14. Nac3 Qa5 15. O-O b4 (15... Bb7 $14) 16. Na4 $16 Nb6 (16... Qa8 $16 {was necessary.}) 17. Nxb6 (17. Rxc6 $18 Nxa4 18. bxa4) 17... Qxb6 18. h3 h4 19. f4 Ba6 20. Bb1 (20. f5 $16) 20... Qb5 21. Rf2 Rd8 22. Kh2 Nh5 23. Rc4 Qa5 (23... c5 $11 {remains equal.}) 24. Qxb4 (24. Rxb4 $6 c5 25. dxc5 dxc5 $14) (24. Rxc6 $16 {Hoping for d5.} Bb5 25. Rc1) 24... Qc7 (24... Qxb4 $11 25. Rxb4 c5 26. dxc5 dxc5) 25. Rc1 O-O 26. Qd2 Qb7 27. f5 c5 28. Nf4 (28. dxc5 $6 dxc5 29. Qe1 Bb2 $11) 28... Ng3 29. d5 ({Resist} 29. dxc5 dxc5 30. Qe1 Qb8) (29. fxg6 Nxe4 30. Qd1 fxg6 $14) (29. Nd5 $16) 29... gxf5 $2 (29... g5 $11) 30. exf5 $18 Be5 (30... Rc8 $142 31. Qd1 Bf6) 31. Qd1 Kh8 32. Qg4 (32. f6 $142 exf6 33. Qg4) 32... Bf6 33. Qf3 {[%emt 0:00:37] [#] aiming for Nh5.} Be5 34. Kg1 Rg8 35. Nd3 $2 (35. Nh5 $18) 35... Bxd3 (35... Bf6 $14) 36. Bxd3 $16 Qb4 $2 (36... Bf6 $16 37. Rc4 Ra8) 37. Bc4 $2 (37. Rc4 $18 {and White stays clearly on top.}) 37... Rg7 38. Bd2 Qa3 39. Re1 {[%emt 0:00:29][%cal Oe1e5] Black must now prevent Rxe5!} Rdg8 $2 (39... f6 $16) 40. Bc3 $18 f6 {[%emt 0:00:00] [#]} 41. Bxe5 $1 dxe5 42. d6 Qa5 $2 {[%emt 0:07:06] Black is weak on the light squares} (42... exd6 43. Bxg8 Rxg8) 43. Qe3 {[%emt 0:04:50] Active counter play!} Nxf5 (43... Qd8 $142 44. dxe7 (44. Qxc5 exd6 45. Qb4 Qb8 $16) 44... Qxe7 45. Bxg8 Kxg8) 44. Rxf5 {[%emt 0:02:55][%cal Bf2f5,Bf5f6,Bf6f8][%mdl 32] White wants to mate with Rh5+.} Rxg2+ 45. Kh1 {[%emt 0:01:05][%cal Re3h6] White mates.} R8g6 46. dxe7 Qa8 47. Qf3 (47. Qxc5 $2 {leads to mate.} R2g3+ 48. Qd5 Rxh3#) 47... Qe8 48. Rxf6 Qxe7 49. Rf8+ {[%emt 0:00:47] An entertaining game by Goraj.   Weighted Error Value: White=0.45/Black=0.61} 1-0

[Event "Polish Youth G18 Championship 2023"]
[Site "Jastrzebia Gora"]
[Date "2023.03.12"]
[Round "1.3"]
[White "Dallemura, Anna"]
[Black "Zabrzanska, Weronika"]
[Result "0-1"]
[ECO "C78"]
[WhiteElo "1496"]
[BlackElo "2021"]
[Annotator "TA"]
[PlyCount "78"]
[EventDate "2023.03.11"]
[EventType "swiss"]
[EventCountry "POL"]
[SourceTitle "playchess.com"]
[Source "ChessBase"]
[SourceQuality "1"]
[TimeControl "40/5400+30:1800+30"]

1. e4 e5 2. Nf3 Nc6 3. Bb5 a6 4. Ba4 Nf6 5. O-O b5 6. Bb3 Bc5 7. d3 d6 8. c3 {[%emt 0:02:00] C78: Ruy Lopez: Archangelsk and Möller Defences.} Bb6 9. h3 (9. a4 $5 ) 9... O-O 10. Re1 {[%emt 0:04:42] The position is equal.} h6 11. Nbd2 Ne7 12. Nf1 {[%emt 0:04:55] 12.a4 gains popularity.} Ng6 13. d4 exd4 14. cxd4 {[%emt 0:04:19] [#]} d5 $146 ({Predecessor:} 14... Re8 15. Ng3 Bb7 16. Bc2 Nd7 17. Be3 Ndf8 18. b4 a5 19. a3 h5 20. Ng5 f6 21. Qxh5 fxg5 22. Bxg5 {0-1 Barsciauskas,G (1725)-Galuscak,V (1833) Klaipeda-ch 2015 (6)}) 15. e5 Ne4 16. N1d2 (16. Be3 $14) 16... Bf5 (16... Bb7 $5 ) 17. Bc2 Nxd2 (17... Ba5 18. Re3 $14 (18. Bxe4 dxe4 19. Rxe4 c5 $17)) (17... c5 {feels hotter.} 18. Nxe4 Bxe4 19. Rxe4 dxe4 20. Bxe4 Qe7) 18. Bxd2 ({But not} 18. Bxf5 Nxf3+ 19. Qxf3 (19. gxf3 Nh4 $17) 19... Bxd4 $17) (18. Qxd2 {simplifies} Bxc2 19. Qxc2 a5 20. Be3) 18... Bxc2 19. Qxc2 Nh4 20. Nxh4 Qxh4 21. Bb4 Rfe8 22. Bc5 Re6 23. Bxb6 Rxb6 ({Black should play} 23... cxb6 $14 24. Rad1 Rae8) 24. Rad1 Rg6 25. Re3 (25. Qxc7 $2 {is the wrong capture.} Qxh3 26. g3 Rc8 $19) 25... c6 26. Qf5 (26. Kh2 $142) 26... Qe7 27. Rc1 (27. Rc3 $16) 27... Qb4 $1 $14 28. Qd3 Qxb2 29. Rc2 Qb4 30. f4 {[%emt 0:00:54][%mdl 1024] f5 is the strong threat. White has compensation.} Rc8 $1 31. f5 Rg5 32. e6 {[%emt 0:00:33] [#] And now exf7+ would win.} Qe7 33. Qe2 $2 {[%emt 0:00:32] This move loses the game for White.} (33. Re5 $11 {and White is okay.}) 33... Rxf5 $19 34. exf7+ (34. Qg4 {was worth a try.} Qf6 35. exf7+ Kxf7 36. Kh2) 34... Qxf7 35. Re7 Qf6 36. Re6 $2 {[%emt 0:00:29] [#]} (36. Qe6+ Qxe6 37. Rxe6) 36... Qxd4+ 37. Kh1 (37. Kh2 $142 c5 38. Rd2 Qf4+ 39. g3) 37... Rcf8 38. Rc1 {[%emt 0:00:52] Wards off Rf1+} Rf2 39. Qh5 Rf1+ {[%emt 0:00:44] Weighted Error Value: White=0.79/Black=0.10 (very precise)} 0-1

[Event "Polish Youth G18 Championship 2023"]
[Site "Jastrzebia Gora"]
[Date "2023.03.12"]
[Round "1.4"]
[White "Hertlein, Irena"]
[Black "Szczotka, Matylda"]
[Result "1-0"]
[ECO "C95"]
[WhiteElo "1994"]
[BlackElo "1451"]
[Annotator "TA"]
[PlyCount "63"]
[EventDate "2023.03.11"]
[EventType "swiss"]
[EventCountry "POL"]
[SourceTitle "playchess.com"]
[Source "ChessBase"]
[SourceQuality "1"]
[TimeControl "40/5400+30:1800+30"]

1. e4 e5 2. Nf3 Nc6 3. Bb5 a6 4. Ba4 Nf6 5. O-O b5 6. Bb3 Be7 7. Re1 d6 8. c3 O-O 9. h3 Nb8 {[%emt 0:00:32] 9...Nb8 is setting a new trend.} 10. d4 Nbd7 11. c4 Re8 {[%emt 0:03:02] C95: Closed Ruy Lopez: Breyer Variation with 10 d4.} ({Better is} 11... Bb7 $14) 12. cxb5 $16 {[%emt 0:04:36][%cal Ob3f7] [#] Hoping for Bxf7+!} axb5 $146 {[%emt 0:00:08] [#]} (12... h6 $16) ({Predecessor:} 12... h6 13. bxa6 Bxa6 14. Nc3 Bf8 15. Be3 Qb8 16. Qc2 exd4 17. Nxd4 Nc5 18. Nc6 Qb6 19. Bd5 {½-½ Sosa,T (2421)-Toniutti,E (2231) Mina Clavero 2016 (9)}) 13. Bxf7+ $1 $18 {[%emt 0:00:32][%mdl 576] Double Attack} Kh8 {White has a decisive advantage.} (13... Kxf7 $2 14. Ng5+ Kg8 15. Ne6) 14. Bxe8 Qxe8 15. Nc3 Rb8 16. Nd5 c6 17. Nxe7 Qxe7 18. dxe5 dxe5 19. Bg5 c5 20. Qd2 Bb7 21. Rad1 {[%emt 0:02:33] White is clearly winning.} Nf8 22. Bxf6 Qxf6 23. Qd6 Qxd6 24. Rxd6 Re8 25. Red1 {[%emt 0:18:32] Threatens to win with Rd8.} Bxe4 26. Rd8 Rxd8 27. Rxd8 {[%emt 0:00:04][%cal Rd8f8] KRN-KBN} Kg8 28. Nxe5 Bf5 29. a3 g6 30. Rb8 b4 31. axb4 cxb4 32. Rxb4 {[%emt 0:00:15] Black got outplayed after the opening.   Weighted Error Value: White=0.23 (precise) /Black=0.77} 1-0

[Event "Polish Youth G18 Championship 2023"]
[Site "Jastrzebia Gora"]
[Date "2023.03.12"]
[Round "1.5"]
[White "Labedz, Gabriela"]
[Black "Barwinska, Ewa"]
[Result "1/2-1/2"]
[ECO "B56"]
[WhiteElo "1425"]
[BlackElo "1963"]
[Annotator "TA"]
[PlyCount "60"]
[EventDate "2023.03.11"]
[EventType "swiss"]
[EventCountry "POL"]
[SourceTitle "playchess.com"]
[Source "ChessBase"]
[SourceQuality "1"]
[TimeControl "40/5400+30:1800+30"]

1. e4 c5 2. Nf3 d6 3. d4 cxd4 4. Nxd4 Nf6 5. Nc3 Nc6 6. Nxc6 bxc6 7. Bg5 {[%emt 0:04:40] B56: Classical Sicilian: Unusual Lines.} Qb6 8. Bxf6 gxf6 9. Rb1 {[%emt 0:05:52] [#]} Rg8 $146 ({Predecessor:} 9... Bh6 10. Bd3 Ba6 11. O-O Rg8 12. Qe2 Bc8 13. Kh1 Bf4 14. Qh5 Bg4 15. Qh4 O-O-O {1-0 Petidis,K-Butsko,I LSS RN-2007-0-00096}) 10. g3 Bg7 11. b4 (11. Bd3 $11) 11... a5 $2 {[%emt 0:11:19] [#]} (11... f5 $17 {and life is bright.} 12. Na4 Qb7 13. exf5 c5) 12. Na4 (12. b5 $1 $16 ) 12... Qc7 (12... Qb7 $1 $11 13. b5 Rb8) 13. b5 $14 cxb5 14. Bxb5+ Kf8 15. O-O Bb7 16. Re1 e6 ({Black should try} 16... f5 $14) 17. Re3 {[%emt 0:10:20] Black must now prevent Rc3. White is more active.} Ke7 $2 (17... Rd8 $16 {is a better chance.}) 18. Rc3 $18 Qd8 19. Bd3 (19. Bc6 $142 Bxc6 20. Rxc6) 19... Rb8 20. Rcb3 Qc7 21. Qh5 {[%emt 0:01:46] Threatens to win with Rc3.} Bc6 {[%emt 0:05:20] [#]} (21... h6 $142 22. Rc3 Qd8) 22. Rxb8 $2 (22. Nb6 $1 $18) 22... Rxb8 $14 23. Rxb8 Qxb8 24. Qxa5 Qb1+ 25. Kg2 (25. Bf1 $1 $14 Qb8 26. Nc3) 25... Qb7 $1 $11 26. Kg1 ({Better is} 26. f3 $11) 26... Qb1+ $14 (26... Bxe4 27. Bxe4 Qxe4 28. Qc7+ Ke8 29. Nc3 Qe1+ 30. Kg2) 27. Kg2 {[%emt 0:00:04] aiming for Qc7+.} (27. Bf1 $5 Qxc2 28. Nc3 $16) 27... Qb7 {[%emt 0:00:17][%cal Of6f5] Prevents Qc7+.} 28. Kg1 Qb1+ (28... Bxe4 29. Bxe4 Qxe4 30. Qc7+ Ke8 31. Nc3 Qe1+ 32. Kg2) 29. Kg2 (29. Bf1 $1 $14 Qb8 30. Nc3) 29... Qb7 $1 $11 30. Kg1 (30. f3 $11) 30... Qb1+ {[%emt 0:00:07] White really could win this.   Weighted Error Value: White=0.40/Black=0.46} (30... Bxe4 31. Bxe4 Qxe4 32. Qc7+ Ke8 33. Nc3 Qe1+ 34. Kg2) 1/2-1/2

[Event "Polish Youth G18 Championship 2023"]
[Site "Jastrzebia Gora"]
[Date "2023.03.12"]
[Round "1.6"]
[White "Bukala, Weronika"]
[Black "Pietrzak, Emilia"]
[Result "1-0"]
[ECO "B81"]
[WhiteElo "1899"]
[BlackElo "1424"]
[Annotator "NA RC COMBH"]
[PlyCount "59"]
[EventDate "2023.03.11"]
[EventType "swiss"]
[EventCountry "POL"]
[SourceTitle "playchess.com"]
[Source "ChessBase"]
[SourceQuality "1"]
[TimeControl "40/5400+30:1800+30"]

1. e4 c5 2. Nf3 e6 3. d4 cxd4 4. Nxd4 Nf6 5. Nc3 d6 6. g4 h6 7. Be3 Be7 8. Rg1 Nc6 9. h4 d5 10. Bb5 Bd7 11. exd5 Nxd5 12. Nxd5 exd5 13. g5 hxg5 14. hxg5 Ne5 15. Qe2 a6 16. Bxd7+ Qxd7 17. Bf4 Nc4 18. b3 Rh4 19. bxc4 Rxf4 20. O-O-O O-O-O 21. cxd5 Ba3+ 22. Kb1 Qa4 23. Nb3 Bb4 24. Rg4 Re8 25. Qxe8+ Qxe8 26. Rxf4 Qe2 27. Rh1 Ba3 28. Rxf7 Kb8 29. Nd4 Qd2 30. Nc6+ 1-0

[Event "Polish Youth G18 Championship 2023"]
[Site "Jastrzebia Gora"]
[Date "2023.03.12"]
[Round "1.7"]
[White "Gaczol, Julia"]
[Black "Nowak, Roksana"]
[Result "0-1"]
[ECO "B90"]
[WhiteElo "1419"]
[BlackElo "1816"]
[Annotator "NA RC COMBH"]
[PlyCount "45"]
[EventDate "2023.03.11"]
[EventType "swiss"]
[EventCountry "POL"]
[SourceTitle "playchess.com"]
[Source "ChessBase"]
[SourceQuality "1"]
[TimeControl "40/5400+30:1800+30"]

1. e4 c5 2. Nf3 d6 3. d4 cxd4 4. Nxd4 Nf6 5. Nc3 a6 6. h4 e5 7. Nb3 Be6 8. f4 exf4 9. Bxf4 Nc6 10. Qd2 Ne5 11. O-O-O Qc7 12. Kb1 Be7 13. Nd4 O-O 14. Nxe6 fxe6 15. g3 Rad8 16. Bh3 Neg4 17. h5 Qc4 18. Rhf1 h6 19. Rde1 Qc5 20. Bxg4 Nxg4 21. Rh1 b5 22. Qe2 Ne5 23. Be3 0-1

[Event "Polish Youth G18 Championship 2023"]
[Site "Jastrzebia Gora"]
[Date "2023.03.12"]
[Round "1.8"]
[White "Lukasik, Zuzanna"]
[Black "Bychowska, Marta"]
[Result "1-0"]
[ECO "B33"]
[WhiteElo "1781"]
[BlackElo "1388"]
[Annotator "NA RC COMBH"]
[PlyCount "89"]
[EventDate "2023.03.11"]
[EventType "swiss"]
[EventCountry "POL"]
[SourceTitle "playchess.com"]
[Source "ChessBase"]
[SourceQuality "1"]
[TimeControl "40/5400+30:1800+30"]

1. e4 c5 2. Nf3 Nc6 3. d4 cxd4 4. Nxd4 Nf6 5. Nc3 e6 6. Be2 Bb4 7. Bf3 Qa5 8. Nde2 Ne5 9. a3 Nxf3+ 10. gxf3 Bxc3+ 11. Nxc3 d5 12. Qd4 dxe4 13. fxe4 e5 14. Qd3 Bg4 15. f3 Rd8 16. Qe2 Bh5 17. Bd2 Qc7 18. O-O-O O-O 19. Rhg1 Bg6 20. Bg5 Rxd1+ 21. Rxd1 h6 22. Bxf6 gxf6 23. Qe3 Kh7 24. Qxa7 f5 25. Qe3 Rc8 26. Qd3 fxe4 27. fxe4 Qc6 28. Qd5 Qxd5 29. Rxd5 f6 30. Rd7+ Kg8 31. Rxb7 Kf8 32. Kd2 Rd8+ 33. Ke3 f5 34. exf5 Bxf5 35. Rb5 Bxc2 36. Rxe5 Rd3+ 37. Kf2 Rd2+ 38. Re2 Rxe2+ 39. Kxe2 Ke7 40. Ke3 Kd6 41. Kd4 Bb3 42. Ne4+ Kc6 43. Kc3 Bd5 44. Ng3 Bf3 45. Nf5 1-0

[Event "Polish Youth G18 Championship 2023"]
[Site "Jastrzebia Gora"]
[Date "2023.03.12"]
[Round "1.9"]
[White "Samol, Julia"]
[Black "Kucharska, Helena"]
[Result "0-1"]
[ECO "C01"]
[WhiteElo "1374"]
[BlackElo "1779"]
[Annotator "NA RC COMBH"]
[PlyCount "86"]
[EventDate "2023.03.11"]
[EventType "swiss"]
[EventCountry "POL"]
[SourceTitle "playchess.com"]
[Source "ChessBase"]
[SourceQuality "1"]
[TimeControl "40/5400+30:1800+30"]

1. e4 e6 2. d4 d5 3. exd5 exd5 4. Nf3 Bd6 5. Bd3 Bg4 6. O-O Ne7 7. Re1 Nbc6 8. c3 Qd7 9. Nbd2 h6 10. Qc2 O-O-O 11. b4 Bf5 12. b5 Na5 13. a4 Bxd3 14. Qxd3 g5 15. c4 dxc4 16. Nxc4 Bb4 17. Rd1 Nd5 18. Nxa5 Bxa5 19. Ne5 Qe6 20. Nc4 Bc3 21. Bb2 Bxb2 22. Nxb2 Nf4 23. Qf3 Ne2+ 24. Kh1 Nxd4 25. Qc3 Ne2 26. Qc5 b6 27. Qc2 Rxd1+ 28. Rxd1 Re8 29. Qd3 Nf4 30. Qc3 Qe4 31. f3 Qe2 32. Rg1 Re6 33. Qh8+ Kb7 34. Qc3 h5 35. Nc4 Nd3 36. h3 g4 37. fxg4 hxg4 38. a5 g3 39. a6+ Kb8 40. Ra1 Nf2+ 41. Kg1 Nxh3+ 42. Kh1 Nf2+ 43. Kg1 Rh6 0-1

[Event "Polish Youth G18 Championship 2023"]
[Site "Jastrzebia Gora"]
[Date "2023.03.12"]
[Round "1.10"]
[White "Krzyzosiak, Marta"]
[Black "Czerwinska, Oliwia"]
[Result "1-0"]
[ECO "C54"]
[WhiteElo "1778"]
[BlackElo "1369"]
[Annotator "NA RC COMBH"]
[PlyCount "43"]
[EventDate "2023.03.11"]
[EventType "swiss"]
[EventCountry "POL"]
[SourceTitle "playchess.com"]
[Source "ChessBase"]
[SourceQuality "1"]
[TimeControl "40/5400+30:1800+30"]

1. e4 e5 2. Nf3 Nc6 3. Bc4 Bc5 4. c3 Nf6 5. d4 exd4 6. cxd4 Bb4+ 7. Bd2 Bxd2+ 8. Nbxd2 O-O 9. O-O d5 10. exd5 Nxd5 11. Rc1 Nb6 12. Bb3 Bg4 13. h3 Bh5 14. Rc5 Bg6 15. Qc1 Nxd4 16. Nxd4 Qxd4 17. Nf3 Qf6 18. Rxc7 Rac8 19. Re1 Bf5 20. Rxc8 Rxc8 21. Qxc8+ Nxc8 22. Re8# 1-0

[Event "Polish Youth G18 Championship 2023"]
[Site "Jastrzebia Gora"]
[Date "2023.03.12"]
[Round "1.11"]
[White "Kaznowska, Kinga"]
[Black "Anyz, Monika"]
[Result "1-0"]
[ECO "B34"]
[WhiteElo "1352"]
[BlackElo "1755"]
[Annotator "NA RC COMBH"]
[PlyCount "141"]
[EventDate "2023.03.11"]
[EventType "swiss"]
[EventCountry "POL"]
[SourceTitle "playchess.com"]
[Source "ChessBase"]
[SourceQuality "1"]
[TimeControl "40/5400+30:1800+30"]

1. e4 c5 2. Nf3 Nc6 3. d4 cxd4 4. Nxd4 g6 5. Nc3 Bg7 6. Be3 Nf6 7. g3 O-O 8. Bg2 d6 9. h3 Ne5 10. Qe2 a6 11. f4 Nc6 12. Rd1 Nh5 13. Qf2 Nxd4 14. Bxd4 Bxd4 15. Rxd4 Qb6 16. Na4 Qa5+ 17. Nc3 Ng7 18. O-O Be6 19. a3 Rac8 20. Rfd1 b5 21. g4 Qb6 22. Bf1 f5 23. exf5 gxf5 24. g5 Bf7 25. R1d2 Ne6 26. R4d3 Qxf2+ 27. Rxf2 Nc5 28. Re3 Rfe8 29. Rd2 Rcd8 30. Bg2 e6 31. b4 Na4 32. Nxa4 bxa4 33. Bc6 Re7 34. Bxa4 Rc7 35. Bb3 d5 36. Red3 Rdc8 37. Kf2 Bh5 38. Re3 Kf7 39. Rdd3 Rc6 40. Ke1 Rd8 41. c4 d4 42. Re5 Ke7 43. Ra5 Bg6 44. c5 e5 45. fxe5 f4 46. Rf3 d3 47. Kd2 Rd4 48. h4 Re4 49. Rxd3 Rxe5 50. Rf3 Re4 51. Bc2 Re3 52. Rxf4 Rce6 53. Bxg6 hxg6 54. Rxa6 Re2+ 55. Kd3 R2e3+ 56. Kd4 Rxa6 57. Kxe3 Rxa3+ 58. Kd4 Rb3 59. Kd5 Rd3+ 60. Kc6 Rb3 61. b5 Ke6 62. Rf6+ Ke7 63. b6 Rb4 64. b7 Rb3 65. Kc7 Rb5 66. b8=Q Rxc5+ 67. Rc6 Rd5 68. Qb4+ Kf7 69. Rf6+ Kg7 70. Qe7+ Kg8 71. Rf8# 1-0

[Event "Polish Youth G18 Championship 2023"]
[Site "Jastrzebia Gora"]
[Date "2023.03.12"]
[Round "1.12"]
[White "Arciszewska, Zuzanna"]
[Black "Bartoszek, Julia"]
[Result "1-0"]
[ECO "E91"]
[WhiteElo "1750"]
[BlackElo "1344"]
[Annotator "NA RC COMBH"]
[PlyCount "119"]
[EventDate "2023.03.11"]
[EventType "swiss"]
[EventCountry "POL"]
[SourceTitle "playchess.com"]
[Source "ChessBase"]
[SourceQuality "1"]
[TimeControl "40/5400+30:1800+30"]

1. d4 Nf6 2. c4 g6 3. Nc3 Bg7 4. e4 d6 5. Nf3 O-O 6. Be2 Nbd7 7. O-O e5 8. d5 Nc5 9. Qc2 Bg4 10. b4 Ncd7 11. Be3 Qe7 12. Rac1 Rfc8 13. h3 Bxf3 14. Bxf3 c5 15. dxc6 Rxc6 16. Qb3 a6 17. Rfd1 Rac8 18. Be2 h6 19. f3 Kh7 20. b5 Nc5 21. Qb4 R6c7 22. Rc2 Rd7 23. Rcd2 Rcd8 24. Bd3 Nxd3 25. Rxd3 Ne8 26. Bb6 Rc8 27. Nd5 Qe6 28. Be3 Rcd8 29. bxa6 bxa6 30. Qa5 f5 31. Qxa6 fxe4 32. fxe4 Rb8 33. a4 Rdd8 34. a5 Ra8 35. Qb5 Rdb8 36. Bb6 Qf7 37. Rf3 Qe6 38. a6 Qc8 39. Ra1 Qe6 40. a7 Qc8 41. Qa6 Qxa6 42. Rxa6 Rb7 43. Rfa3 Kg8 44. Be3 Nc7 45. Rb6 Rxb6 46. Nxb6 Rd8 47. a8=Q Nxa8 48. Rxa8 Rxa8 49. Nxa8 Kf7 50. Kf2 Ke7 51. Nb6 g5 52. Ke2 Kd8 53. Kd3 Kc7 54. Nd5+ Kd7 55. Kc3 Bf8 56. Kb4 Kc6 57. Ka5 Bg7 58. Ne7+ Kd7 59. Nf5 Bf8 60. Kb6 1-0

[Event "Polish Youth G18 Championship 2023"]
[Site "Jastrzebia Gora"]
[Date "2023.03.12"]
[Round "1.13"]
[White "Sivickis, Kornelia"]
[Black "Obrochta, Lena"]
[Result "1/2-1/2"]
[ECO "A09"]
[WhiteElo "1328"]
[BlackElo "1673"]
[Annotator "NA RC COMBH"]
[PlyCount "66"]
[EventDate "2023.03.11"]
[EventType "swiss"]
[EventCountry "POL"]
[SourceTitle "playchess.com"]
[Source "ChessBase"]
[SourceQuality "1"]
[TimeControl "40/5400+30:1800+30"]

1. Nf3 d5 2. c4 d4 3. e3 c5 4. b4 Bg4 5. Qa4+ Qd7 6. Qxd7+ Nxd7 7. Be2 e5 8. Nxd4 cxd4 9. Bxg4 Bxb4 10. exd4 exd4 11. Bxd7+ Kxd7 12. O-O Ne7 13. Bb2 Nc6 14. a3 Ba5 15. Rd1 Rhe8 16. Kf1 Re6 17. a4 Rae8 18. Na3 d3 19. Bxg7 Bb6 20. Rac1 Bc5 21. Rc3 Nb4 22. Nb5 Re2 23. Bd4 Bxd4 24. Nxd4 R2e4 25. Nf5 Rc8 26. Ne3 Rc5 27. Rb3 a5 28. f3 Rd4 29. Rc3 Kd6 30. Kf2 f5 31. g3 Na2 32. Ra3 Nb4 33. Rc3 Ke5 1/2-1/2